 Dungeon Crawl Stone Soup version 0.31-a0-1321-g5021b54cb2 (webtiles) character file.

Game seed: 8443729533131914180

104 cowhearter the Changeling (level 4, -8/28 HPs)
             Began as an Octopode Shapeshifter on Dec 21, 2023.
             Killed by divine providence
             ... invoked by an orc priest
              (16 damage)
             ... on level 3 of the Dungeon.
             The game lasted 00:03:14 (1454 turns).

cowhearter the Changeling (Octopode Shapeshifter)   Turns: 1454, Time: 00:03:15

Health: -8/28      AC:  1    Str: 13    XL:     4   Next: 80%
Magic:  0/4        EV: 13    Int: 12    God:
Gold:   94         SH:  0    Dex: 13    Spells: 3/3 levels left

rFire   . .          .
                       - Unarmed
rCold   . . .        (no shield)
rNeg    . . .        (helmet currently unavailable)
rPois   .            d - amulet of guardian spirit
rElec   .            f - ring of resist corrosion
rCorr   +            l - ring of flight
SInv    .            (no ring)
Will    .....        (no ring)
Stlth   +++          (no ring)
HPRegen 0.24/turn    (no ring)
MPRegen 0.09/turn    (no ring)
                     (no ring)

%: guardian spirit
@: beast-form, flying
A: beast (slay +2), almost no armour, amphibious, 8 rings, camouflage 1,
gelatinous body 1, (nimble swimmer 1), tentacles
a: Begin Untransformation


You were on level 3 of the Dungeon.
You were a hulking beast.
You visited 1 branch of the dungeon, and saw 3 of its levels.

You collected 94 gold pieces.

Inventory:

Hand Weapons
 x - the +10 mace of Ceafimekh {pain, rF+}
   (You found it on level 3 of the Dungeon)

   rF+:       It protects you from fire.
Missiles
 t - 5 datura-tipped darts
 u - 2 throwing nets
Jewellery
 d - an amulet of guardian spirit (around mantle)
 f - a ring of resist corrosion (left tentacle)
 l - a ring of flight (right tentacle)
 w - an amulet of reflection
Talismans
 b - a beast talisman (active)
 c - a flux talisman
Scrolls
 i - a scroll of enchant armour {unknown}
 m - a scroll of brand weapon {unknown}
 p - a scroll of amnesia {unknown}
 q - a scroll of identify {unknown}
 r - a scroll of fog {unknown}
 s - a scroll of revelation {unknown}
 v - a scroll of immolation {unknown}
Potions
 a - a potion of lignification
 e - a potion of might {unknown}
 g - a potion of berserk rage {unknown}
 h - a potion of curing {unknown}
 j - a potion of enlightenment {unknown}
 k - a potion of cancellation {unknown}
 n - 2 potions of brilliance {unknown}
 o - 2 potions of attraction {unknown}


   Skills:
 + Level 1.2 Fighting
 + Level 2.5 Dodging
 + Level 1.8 Stealth
 + Level 3.8 Unarmed Combat
 + Level 3.9 Shapeshifting


You had 3 spell levels left.
You didn't know any spells.
Your spell library contained the following spells:

 Spells                   Type           Power      Damage    Failure   Level
 Slow                     Hex            0%         N/A       32%         1
 Confusing Touch          Hex            0%         N/A       69%         3
 Sigil of Binding         Hex            0%         N/A       69%         3
 Vampiric Draining        Necr           0%         2d6       69%         3


Dungeon Overview and Level Annotations

Branches:
Dungeon (3/15)

Altars:
Wu Jian
The Shining One

Annotations:
D:2 Sigmund


Innate Abilities, Weirdness & Mutations

You are a hulking beast.
Your limbs bulge with bestial killing power. (Slay +2)
You cannot wear most types of armour.
You are amphibious.
You can wear up to eight rings at the same time.
Your skin changes colour to match your surroundings (Stealth+).
Your rubbery body absorbs attacks. (AC +1, EV +1)
((You are camouflaged when in or above water. (Stealth+)))
You have tentacles for arms and can constrict up to eight enemies at once.


Message History

You kill the ball python!
You tentacle-slap the orc. Your grab misses the orc.
The orc is severely wounded.
The orc barely misses you.
The orc priest miscasts a cantrip.
There are monsters nearby!
You completely miss the orc. You grab the orc.
The orc is severely wounded.
You constrict the orc, but do no damage.
The orc completely misses you.
The orc priest invokes the aid of Beogh against you.
Beogh smites you!
You are too injured to fight recklessly!
You are too injured to fight recklessly!
You are too injured to fight recklessly!
You are too injured to fight recklessly!
You completely miss the orc.
The orc is severely wounded.
You constrict the orc. The orc misses you.
You tentacle-slap the orc.
You kill the orc!
You barely miss the orc wizard. You grab the orc wizard.
You squeeze the orc wizard.
The orc wizard is heavily wounded.
You constrict the orc wizard, but do no damage.
The orc wizard misses you.
You completely miss the orc wizard. You squeeze the orc wizard!
The orc wizard is almost dead.
You constrict the orc wizard.
You kill the orc wizard!
You tentacle-slap the orc priest but do no damage.
You grab the orc priest. You squeeze the orc priest.
The orc priest is lightly wounded.
You constrict the orc priest.
The orc priest hits you with a +0 short sword.
* * * LOW HITPOINT WARNING * * *
The orc priest invokes the aid of Beogh against you.
Beogh smites you!
Ouch! That really hurt!
You die...

..# ## #..#
#.###... #...#..
..... .o. #o#
#h# ##### #.#
#...< #.# #.###
#.# #.#
#.############.#
#..)...........#
##########)#####
#.... ##.###


You could see 2 orc priests.

Vanquished Creatures
  An orc wizard (D:3)
  3 adders
  A worm (D:3)
  2 dart slugs (D:1)
  An orc (D:3)
  6 ball pythons
  5 bats
  3 endoplasms
  A giant cockroach (D:2)
  2 goblins
  6 hobgoblins
  A quokka (D:1)
  2 frilled lizards (D:1)
  5 kobolds
  4 rats
43 creatures vanquished.

Notes
Turn   | Place    | Note
-------+----------+-------------------------------------------
     0 | D:1      | cowhearter the Octopode Shapeshifter began the quest for
                  | the Orb.
     0 | D:1      | Reached XP level 1. HP: 13/13 MP: 1/1
   176 | D:1      | Reached XP level 2. HP: 18/18 MP: 2/2
   402 | D:1      | Reached XP level 3. HP: 21/23 MP: 3/3
  1038 | D:2      | Noticed Sigmund
  1082 | D:3      | Found an ornate altar of the Wu Jian Council.
  1184 | D:3      | Reached XP level 4. HP: 24/28 MP: 2/4
  1236 | D:3      | Reached skill level 1 in Stealth
  1339 | D:3      | Found a glowing golden altar of the Shining One.
  1356 | D:3      | Identified the +10 mace of Ceafimekh {pain, rF+}
  1454 | D:3      | Killed from afar by an orc priest

Illustrated notes

Levels and vault maps discovered:
D:1:      saegor_arrival_fortress, layout_rooms
D:2:      layout_basic, hex_medium, uniq_sigmund
D:3:      layout_loops_ring, old_standard_altar, nicolae_tso_carved_into_rock

Skill      XL: |  1  2  3  4 |
---------------+-------------+-----
Stealth        | 1 |  1.8
Fighting       | |  1.2
Dodging        | |  2.5
Unarmed Combat | |  3.8
Shapeshifting  | |  3.9

Action                     |  1- 3 |  4- 6 || total
---------------------------+-------+-------++-------
  Melee: Unarmed           |    52 |    21 ||    73
         Constrict         |    16 |     8 ||    24
         Tentacles         |     7 |     7 ||    14
         Punch             |     2 |       ||     2
   Stab: Sleeping          |     7 |     1 ||     8
 Armour: Skin              |    20 |    10 ||    30
  Dodge: Dodged            |    25 |     9 ||    34
   Form: Beast             |     1 |       ||     1

Table legend: (Time is in decaauts)
 A = Elapsed time spent in this place.
 B = Non-inter-level travel time spent in this place.
 C = Inter-level travel time spent in this place.
 D = Time resting spent in this place.
 E = Time spent auto-exploring this place.
 F = Levels seen in this place.
 G = Mean time per level.
                   A        B        C        D        E       F      G
               +--------+--------+--------+--------+--------+-----+--------+
         Total |   1448 |   1416 |     32 |      0 |   1116 |   3 |  482.7 |
       Dungeon |   1448 |   1416 |     32 |      0 |   1116 |   3 |  482.7 |
               +--------+--------+--------+--------+--------+-----+--------+

Top non-repeatable levels by time:
     D:1: 559 daAuts
     D:2: 488 daAuts
     D:3: 400 daAuts
